Map: Persephone LE

Players

doom - Winner!

  • Race: Terran Terran
  • Spawn Location: 11:00

A.I. 1 (Elite)

  • Race: Protoss Protoss
  • Spawn Location: 7:00

VOD

Have the link to the VOD?

Description

Time

  • Played on: July 4, 2025, 10:15 a.m.
  • Length: 10:13
Show
View Real Time Build Order
Export as new Build Order

doom Terran - Winner!

Build Orders: Cyclone Opening 

Get SALT Encoding   

  6  0:00  SCV  
  13  0:12  SCV  
  14  0:18  Supply Depot  
  14  0:24  SCV  
  15  0:39  SCV  
  15  0:41  Barracks  
  15  0:42  Refinery  
  16  0:51  SCV  
  17  1:03  SCV  
  18  1:16  SCV  
  19  1:27  Orbital Command  
  19  1:35  Command Center  
  19  1:46  Factory  
  19  1:50  Marine  
  21  1:54  SCV  
  21  2:00  Refinery  
  21  2:06  SCV  
  22  2:09  Supply Depot  
  22  2:12  Barracks Tech Lab  
  22  2:18  SCV  
  23  2:30  Armory, SCV  
  27  2:37  Cyclone  
  27  2:43  SCV  
  28  2:48  Orbital Command  
  28  2:51  Barracks Reactor  
  28  2:55  SCV  
  29  3:04  Starport  
  29  3:06  Orbital Command  
  29  3:07  SCV  
  30  3:16  Drilling Claws  
  30  3:19  SCV  
  31  3:22  Widow Mine  
  33  3:28  Marine x2  
  33  3:30  Supply Depot  
  33  3:32  SCV  
  36  3:35  SCV  
  36  3:41  Medivac  
  39  3:45  Marine, Widow Mine  
  39  3:46  Marine  
  43  3:48  SCV x2  
  43  3:53  Supply Depot  
  45  4:00  SCV x2  
  47  4:06  Marine x2  
  47  4:07  Siege Tank  
  52  4:13  SCV  
  52  4:14  SCV  
  52  4:16  Supply Depot  
  54  4:20  Starport Tech Lab, Barracks  
  54  4:23  Engineering Bay  
  54  4:24  Marine x2  
  54  4:27  SCV  
  54  4:28  SCV  
  58  4:32  Refinery  
  58  4:39  SCV  
  58  4:40  SCV  
  58  4:43  Siege Tank  
  63  4:49  Marine x2  
  63  4:51  SCV  
  66  4:53  SCV  
  66  4:55  Barracks  
  66  4:58  Terran Infantry Weapons Level 1  
  63  5:03  SCV  
  63  5:05  SCV  
  63  5:07  Marine x2  
  65  5:14  Stimpack, Marine  
  67  5:15  Refinery  
  67  5:20  SCV x2  
  70  5:25  Supply Depot  
  70  5:26  Marine  
  70  5:27  Marine  
  72  5:30  Starport Reactor  
  72  5:34  SCV x2  
  74  5:37  Marauder  
  74  5:38  Factory Reactor  
  76  5:44  Marine x2  
  76  5:46  Command Center  
  76  5:48  Supply Depot  
  80  5:52  Supply Depot, Combat Shield  
  80  5:53  Marauder  
  80  5:59  Marauder  
  80  6:03  Marine x2  
  84  6:06  Medivac  
  84  6:09  Medivac  
  88  6:14  Barracks  
  88  6:15  Widow Mine x2  
  88  6:16  Barracks  
  88  6:18  Marauder  
  94  6:21  Supply Depot  
  94  6:25  Supply Depot  
  94  6:27  SCV x2  
  94  6:29  Marine  
  94  6:30  Marine  
  94  6:31  Marine  
  99  6:38  Medivac  
  101  6:42  Medivac, Marine  
  101  6:44  Widow Mine x2  
  101  6:45  SCV x2  
  110  6:52  Supply Depot  
  110  6:53  Supply Depot  
  110  6:57  Terran Infantry Weapons Level 2  
  107  7:07  Marine x4, Marauder x2  
  113  7:11  SCV  
  113  7:12  SCV  
  110  7:24  Marine  
  110  7:25  Marine x2, Widow Mine x2  
  110  7:28  Marauder x2  
  118  7:37  Marine  
  118  7:42  Marine x2, Orbital Command  
  118  7:43  SCV x2  
  123  7:50  Marauder x2  
  126  7:55  SCV  
  126  7:56  SCV  
  128  7:59  Barracks Tech Lab, Barracks Reactor  
  128  8:00  Marine x2  
  128  8:03  Terran Ship Weapons Level 1  
  123  8:09  Medivac x2, Widow Mine x2  
  123  8:11  Marauder x2  
  135  8:15  SCV x3  
  135  8:18  Marine  
  139  8:21  Ghost Academy  
  137  8:33  Marauder  
  139  8:38  Marine x2  
  139  8:39  Marauder x2, Marine x2  
  147  8:44  Refinery x2, Command Center  
  147  8:47  Barracks  
  147  8:48  Barracks  
  147  8:51  Barracks  
  147  8:53  Marine  
  154  9:24  Marine x4  
  157  9:26  Ghost x3  
  157  9:29  Liberator  
  164  9:32  Fusion Core  
  164  9:41  Marine  
  165  9:47  Marine x3  
  165  9:50  Engineering Bay  
  171  9:55  Marine  
Show
View Real Time Build Order
Export as new Build Order

A.I. 1 (Elite) Protoss 

Build Orders:  

Get SALT Encoding   

  6  0:00  Probe  
  13  0:13  Probe  
  14  0:19  Pylon  
  14  0:25  Probe  
  15  0:34  Probe  
  15  0:42  Probe  
  16  0:47  Assimilator  
  17  0:50  Gateway  
  17  0:52  Probe  
  18  1:00  Probe  
  18  1:01  Pylon  
  19  1:08  Probe  
  19  1:18  Probe  
  21  1:35  Gateway  
  21  1:38  Probe  
  21  1:39  Zealot  
  24  1:42  Cybernetics Core  
  24  1:48  Pylon  
  24  1:50  Probe  
  25  2:00  Probe  
  25  2:06  Zealot  
  25  2:08  Warp Gate, Probe  
  28  2:11  Assimilator  
  29  2:16  Probe  
  29  2:22  Adept  
  32  2:28  Probe  
  33  2:33  Adept  
  33  2:36  Pylon  
  35  2:40  Probe  
  36  2:52  Probe, Adept  
  39  3:02  Sentry  
  39  3:05  Probe  
  42  3:17  Nexus  
  42  3:22  Stalker  
  42  3:24  Probe  
  45  3:36  Probe  
  45  3:37  Robotics Facility  
  46  3:48  Probe  
  46  4:00  Probe  
  46  4:01  Pylon  
  47  4:15  Probe  
  47  4:19  Adept  
  47  4:24  Probe, Adept  
  52  4:29  Probe  
  54  4:36  Probe, Adept  
  54  4:38  Robotics Bay, Observer  
  57  4:41  Probe  
  52  4:48  Probe  
  52  4:49  Forge  
  53  4:53  Probe  
  54  5:04  Probe  
  54  5:05  Probe  
  56  5:13  Probe  
  56  5:16  Probe  
  58  5:22  Probe  
  58  5:23  Photon Cannon  
  58  5:25  Photon Cannon, Probe  
  60  5:31  Robotics Facility  
  60  5:32  Probe  
  60  5:33  Probe  
  61  5:36  Pylon  
  61  5:37  Stalker  
  61  5:41  Stalker  
  61  5:42  Probe  
  66  5:44  Probe  
  66  5:48  Twilight Council  
  68  6:01  Stalker  
  68  6:03  Probe  
  71  6:04  Probe  
  71  6:07  Pylon  
  71  6:11  Assimilator  
  72  6:14  Probe  
  72  6:15  Probe  
  72  6:16  Gateway  
  74  6:25  Zealot  
  76  6:26  Assimilator  
  76  6:28  Pylon  
  76  6:29  Probe  
  76  6:30  Probe  
  76  6:33  Templar Archives  
  78  6:45  Zealot, Stalker, Probe  
  82  6:47  Forge  
  82  6:53  Nexus, Pylon  
  83  7:06  Sentry  
  83  7:08  Stalker  
  87  7:10  Stalker  
  89  7:16  Pylon  
  73  7:28  Zealot x2  
  64  7:32  Probe  
  64  7:33  Sentry  
  46  7:42  High Templar  
  48  7:44  Probe  
  48  7:48  Stalker  
  46  7:56  Adept  
  48  8:05  Zealot  
  50  8:11  Zealot  
  40  8:13  High Templar  
  40  8:25  Adept  
  42  8:32  High Templar  
  40  8:39  Stalker  
  40  8:48  Archon, High Templar  
  31  9:10  Pylon  
Tags
 
Add a new tag
Caveats
  • Supply blocks, unpowered buildings, or Contaminate may cause inaccurate times.
  • Supply counts are checked every 10 seconds.